 Dungeon Crawl Stone Soup version 0.29.0-4-gdea44cf6ec (webtiles) character file.

Game seed: 17058202931032937023

77 qw the Chopper (level 4, 0/26 HPs)
             Began as a Tengu Warper on Aug 28, 2022.
             Slain by an orc priest
             ... wielding a +0 club
              (6 damage)
             ... on level 3 of the Dungeon.
             The game lasted 00:00:10 (2620 turns).

qw the Chopper (Tengu Warper)                       Turns: 2620, Time: 00:00:11

Health: 0/26       AC:  3    Str: 13    XL:     4   Next: 34%
Magic:  8/8        EV: 12    Int: 13    God:
Gold:   153        SH:  0    Dex: 14    Spells: 7/7 levels left

rFire   + . .      SeeInvis .   Y - +0 hand axe
rCold   . . .      Faith    .   (no shield)
rNeg    + . .      Spirit   .   b - +0 leather armour
rPois   .          Reflect  .   (helmet restricted)
rElec   .          Harm     .   (no cloak)
rCorr   .          Rampage  .   (no gloves)
Will    .....                   (boots unavailable)
Stlth   +.........              (no amulet)
HPRegen 0.08/turn               g - ring of protection from fire
MPRegen 0.11/turn               i - ring of positive energy

@: about to teleport
A: beak, talons 3
a: no special abilities


You were on level 3 of the Dungeon.
You visited 1 branch of the dungeon, and saw 3 of its levels.

You collected 153 gold pieces.


Innate Abilities, Weirdness & Mutations

You have a beak for a mouth.
You have claws for feet.


   Skills:
 - Level 2.0 Fighting
 + Level 4.9 Axes
 - Level 1.0 Throwing
 - Level 1.1 Armour
 - Level 2.1 Dodging
 - Level 2.0 Spellcasting
 - Level 2.4 Translocations


You had 7 spell levels left.
You didn't know any spells.
Your spell library contained the following spells:

 Spells                   Type           Power      Damage    Failure   Level
 Blink                    Tloc           14%        N/A       19%         2
 Gell's Gravitas          Tloc           7%         N/A       36%         3
 Lesser Beckoning         Tloc           7%         N/A       36%         3
 Teleport Other           Tloc           7%         N/A       36%         3
 Manifold Assault         Tloc           7%         N/A       98%         5

Inventory:

Hand Weapons
 e - a +0 mace
 Y - a +0 hand axe (weapon)
Missiles
 h - 4 silver javelins (quivered)
Armour
 b - a +0 leather armour (worn)
Jewellery
 d - a +4 ring of protection
 g - a ring of protection from fire (left hand)
 i - a ring of positive energy (right hand)
Scrolls
 a - 2 scrolls of identify
 c - a scroll of teleportation
Potions
 f - a potion of curing {unknown}

Dungeon Overview and Level Annotations

Branches:
Dungeon (3/15)

Altars:
Ashenzari


Message History

You throw a silver javelin.
The silver javelin pierces through the worm!
You kill the worm!
h - 4 silver javelins (gained 2)
A dart slug comes into view.
You see here a silver javelin.
An orc comes into view. It is wielding a +0 hand axe.
The orc shouts!
You hear a shout!
An orc comes into view. It is wielding a +0 club.
An orc priest comes into view. It is wielding a +0 club.
Found a rapier.
The orc priest shouts!
The dart slug launches a dart at you. The slug dart hits you.
A quokka comes into view.
A goblin and a rat come into view.
Found 15 gold pieces.
The dart slug bites you but does no damage.
The goblin shouts!
You hit the dart slug.
The dart slug is moderately wounded.
You hit the orc. You closely miss the orc. The orc closely misses you.
The orc barely misses you. The dart slug launches a dart at you.
The slug dart misses you.
You hit the dart slug. You claw the dart slug.
You kill the dart slug!
You hit the orc priest but do no damage.
You hit the orc but do no damage. You barely miss the orc.
The orc barely misses you.
The orc priest invokes the aid of Beogh against you.
Beogh smites you!
Ouch! That really hurt!
The orc hits you but does no damage.
2620 ||| READING 2 scrolls of teleportation.
As you read the scroll of teleportation, it crumbles to dust.
You feel strangely unstable. The rat barely misses you. The orc misses you.
The orc closely misses you. The orc priest hits you with a +0 club.
You die...

#########...#####.#
..........#.......#
###...###...#####.#
..)........## #.(#
.##...###.## #..#
.###### #.# #.(# .#
#.# #..# .# #.#
#..# .# #.# #@o# ..
#$..rroo....# ##
......g........
...#.)#..###.#. #.
#..#..# # #..#..#
#. #..# #. #..#


You could see an orc priest, 2 orcs, a quokka, a goblin and a rat.

Vanquished Creatures
  Jessica (D:2)
  A worm (D:3)
  A dart slug (D:3)
  An orc (D:3)
  4 ball pythons
  2 bats (D:2)
  3 endoplasms
  2 giant cockroaches
  3 goblins (D:1)
  5 hobgoblins
  9 jackals
  4 frilled lizards (D:1)
  2 rats
38 creatures vanquished.

Notes
Turn   | Place    | Note
-------+----------+-------------------------------------------
     0 | D:1      | qw the Tengu Warper began the quest for the Orb.
     0 | D:1      | Reached XP level 1. HP: 12/12 MP: 4/4
     0 | D:1      | 0 ||| qw: Version: 0.1-a-89-g26bdef1
     0 | D:1      | 0 ||| qw: Game counter: 3084
     0 | D:1      | 0 ||| qw: Always use a shield: true
     0 | D:1      | 0 ||| qw: God list: Okawaru
     0 | D:1      | 0 ||| qw: Allow faded altars: false
     0 | D:1      | 0 ||| qw: Do Orc after D:15 true
     0 | D:1      | 0 ||| qw: Do second Lair branch before Depths: true
     0 | D:1      | 0 ||| qw: Lair rune preference: random
     0 | D:1      | 0 ||| qw: Plans: Normal
     0 | D:1      | 0 ||| PLANNING D:1-11
    45 | D:1      | 45 ||| Stepping ~*~*~tactically~*~*~ (stealth).
    66 | D:1      | Reached skill level 3 in Axes
    66 | D:1      | Reached XP level 2. HP: 9/17 MP: 6/6
    69 | D:1      | 69 ||| Stepping ~*~*~tactically~*~*~ (stealth).
   785 | D:1      | Reached XP level 3. HP: 9/21 MP: 7/7
  1032 | D:1      | 1032 ||| UPGRADING to ring of protection from fire.
  1280 | D:1      | 1280 ||| UPGRADING to ring of positive energy.
  1281 | D:1      | 1281 ||| READING scroll labelled FACKUSYOSO.
  1286 | D:1      | 1286 ||| READING scroll labelled JUHAVA HASOR.
  1287 | D:1      | 1287 ||| READING scroll labelled SUIDAPEMEY.
  1288 | D:1      | 1288 ||| DROPPING scroll of blinking.
  1289 | D:1      | 1289 ||| Stepping randomly (stuck).
  1290 | D:1      | 1290 ||| Stepping ~*~*~tactically~*~*~ (cloud).
  1593 | D:2      | Noticed Jessica
  1594 | D:2      | 1594 ||| Stepping ~*~*~tactically~*~*~ (hiding).
  1602 | D:2      | Killed Jessica
  1603 | D:2      | Reached skill level 4 in Axes
  1835 | D:2      | Reached XP level 4. HP: 26/26 MP: 8/8
  2026 | D:2      | Found a faded altar of an unknown god.
  2170 | D:2      | Found a broken altar of Ashenzari.
  2436 | D:2      | 2436 ||| READING 2 scrolls labelled JAZIEF HODEQIS.
  2437 | D:2      | 2437 ||| READING 3 scrolls of identify.
  2437 | D:2      | 2437 ||| IDENTIFYING viscous pink potion
  2438 | D:2      | 2438 ||| DROPPING scroll of vulnerability.
  2439 | D:2      | 2439 ||| DROPPING potion of lignification.
  2520 | D:3      | 2520 ||| Stepping ~*~*~tactically~*~*~ (stealth).
  2602 | D:3      | 2602 ||| Stepping ~*~*~tactically~*~*~ (stealth).
  2619 | D:3      | HP: 6/26 [orc priest/divine providence (17)]
  2620 | D:3      | 2620 ||| READING 2 scrolls of teleportation.
  2620 | D:3      | Slain by an orc priest

Levels and vault maps discovered:
D:1:      co_arrival_square_in_a_square_in_a_square, layout_rooms,
          minmay_close_crescents
D:2:      layout_basic, basic_altar, ebering_ecumenical_altar_box,
          uniq_crazy_yiuf_cottage, uniq_jessica
D:3:      layout_loops_ring, tso_altar

Skill      XL: |  1  2  3 |
---------------+----------+-----
Axes           | 3 4 |  4.9
Fighting       | |  2.0
Throwing       | |  1.0
Armour         | |  1.1
Dodging        | |  2.1
Spellcasting   | |  2.0
Translocations | |  2.4

Action                   |  1- 3 |  4- 6 || total
-------------------------+-------+-------++-------
Melee: Hand axe          |    66 |    28 ||    94
       Kick              |    13 |     9 ||    22
       Peck              |     7 |     5 ||    12
       Punch             |       |     1 ||     1
Throw: Boomerang         |     7 |       ||     7
       Javelin           |       |     4 ||     4
  Use: Scroll            |     3 |     3 ||     6
Armor: Leather armour    |    10 |     7 ||    17
Dodge: Dodged            |    34 |    21 ||    55

Table legend:
 A = Non-vault XP
 B = Vault XP
 C = Vault XP percentage of total XP
 D = Non-vault monster count
 E = Vault monster count
 F = Vault count percentage of total count
                 A         B        C        D         E       F
            +---------+---------+-------+---------+---------+-------
      Total |      64 |      47 |  42.3 |      31 |       7 |  18.4
            +---------+---------+-------+---------+---------+-------
        D:1 |      31 |      10 |  24.4 |      17 |       6 |  26.1
        D:2 |      17 |      37 |  68.5 |       9 |       1 |  10.0
        D:3 |      16 |       0 |   0.0 |       5 |       0 |   0.0
            +---------+---------+-------+---------+---------+-------
